 Dungeon Crawl Stone Soup version 0.27-a0-811-ga052575696 (webtiles) character file.

Game seed: 16648945335690643083

3601 EnegeticOcto the Grappler (level 9, -6/92 HPs)
             Began as a Troll Warper on Mar 29, 2021.
             Was a Follower of Cheibriados.
             Mangled by a two-headed ogre
             ... wielding a +0 giant club
              (10 damage)
             ... on level 9 of the Dungeon.
             The game lasted 00:17:25 (1695 turns).

EnegeticOcto the Grappler (Troll Warper)            Turns: 1695, Time: 00:17:26

Health: -6/92      AC:  8    Str: 23    XL:     9   Next: 85%
Magic:  17/19      EV: 10    Int: 14    God:    Cheibriados [*.....]
Gold:   598        SH:  0    Dex: 17    Spells: 5/11 levels left

rFire    + . .     SeeInvis .     - Unarmed
rCold    + . .     Faith    .   (no shield)
rNeg     . . .     Spirit   .   B - +2 robe {Will+}
rPois    .         Reflect  .   (helmet restricted)
rElec    .         Harm     .   f - +1 cloak
rCorr    .         Rampage  .   (gloves unavailable)
Will     +....                  (boots unavailable)
Stlth    ++........             j - amulet of magic regeneration
HPRegen  1.25/turn              z - ring of Sloth {rF+ rC+ Dex+6 Slay+2}
MPRegen  0.41/turn              D - ring of magical power

@: very slightly contaminated, very slow
A: large, unfitting armour, claws 3, regeneration 1, shaggy fur 1, tough skin 1
a: Renounce Religion, Bend Time


You were on level 9 of the Dungeon.
You worshipped Cheibriados.
Cheibriados was aware of your devotion.
You visited 2 branches of the dungeon, and saw 10 of its levels.

You collected 1661 gold pieces.
You spent 1063 gold pieces at shops.

Inventory:

Hand Weapons
 A - a +2 scimitar of flaming
   (You took it off Erica on level 8 of the Dungeon)
Missiles
 d - 5 boomerangs of dispersal
 e - 5 large rocks
 h - 3 javelins
 u - 8 silver boomerangs (quivered)
 x - 8 poisoned darts
Armour
 a - a +0 robe
 f - a +1 cloak (worn)
   (You found it on level 2 of the Dungeon)
 B - a +2 robe of willpower (worn)
   (You took it off Erica on level 8 of the Dungeon)
 F - +0 acid dragon scales
   (You found it on level 9 of the Dungeon)
Magical Staves
 y - a staff of fire
   (You found it on level 7 of the Dungeon)
Jewellery
 j - an amulet of magic regeneration (around neck)
   (You found it on level 3 of the Dungeon)
 r - a ring of ice
   (You found it on level 5 of the Dungeon)
 z - the ring of Sloth (left claw) {rF+ rC+ Dex+6 Slay+2}
   (You acquired it on level 8 of the Dungeon)

   [ring of dexterity]

   It affects your dexterity (+6).
   It affects your accuracy and damage with ranged weapons and melee attacks
   (+2).
   It protects you from fire.
   It protects you from cold.
 D - a ring of magical power (right claw)
   (You found it on level 8 of the Dungeon)
Wands
 i - a wand of flame (9) {@v4}
   (You found it on level 4 of the Dungeon)
 m - a wand of charming (5)
   (You found it on level 4 of the Dungeon)
 E - a wand of acid (2) {@v1}
   (You found it on level 8 of the Dungeon)
Scrolls
 c - 2 scrolls of blinking {@r4}
 k - 2 scrolls of immolation
 l - a scroll of fog {!r}
 n - 2 scrolls of amnesia
 o - a scroll of vulnerability
 p - a scroll of silence
 q - a scroll of teleportation {@r3 !r}
 s - 2 scrolls of enchant weapon
 w - a scroll of noise
 C - a scroll of magic mapping {unknown}
Potions
 b - a potion of lignification {@q6}
 g - a potion of resistance
 t - a potion of haste {@q4 !q}
 v - a potion of flight


   Skills:
 + Level 6.9 Fighting
 - Level 0.8 Throwing
 + Level 2.2 Dodging
 - Level 11.2 Unarmed Combat
 + Level 1.5 Spellcasting
 + Level 2.4 Translocations
 * Level 1.2 Evocations


You had 5 spell levels left.
You knew the following spells:

 Your Spells              Type           Power      Damage    Failure   Level
a - Apportation           Tloc           14%        N/A       10%         1
b - Lesser Beckoning      Tloc           3%         N/A       28%         3
Y - Blink                 Tloc           N/A        N/A       14%         2

Your spell library contained the following spells:

 Spells                   Type           Power      Damage    Failure   Level
 Animate Skeleton         Necr           2%         N/A       26%         1
 Corona                   Hex            1%         N/A       26%         1
 Summon Small Mammal      Summ           4%         N/A       26%         1
 Gell's Gravitas          Tloc           3%         N/A       28%         3
 Teleport Other           Tloc           7%         N/A       28%         3
 Confusing Touch          Hex            1%         N/A       58%         3
 Petrify                  Tmut/Erth      1%         N/A       94%         4
 Manifold Assault         Tloc           7%         N/A       95%         5
 Metabolic Englaciation   Hex/Ice        0%         N/A       100%        5
 Yara's Violent Unravell  Hex/Tmut       0%         3d3       100%        5


Dungeon Overview and Level Annotations

Branches:
Dungeon (9/15)             Temple (1/1) D:5
   Lair: D:8-11         Orc: D:9-12

Altars:
Cheibriados
Gozag
Hepliaklqana
Makhleb
Nemelex Xobeh
Okawaru
Ru
Trog
Uskayaw
Xom
Zin

Shops:
D:5 ((?:


Innate Abilities, Weirdness & Mutations

You are too large for most types of armour.
You have claws for hands.
Your natural rate of healing is unusually fast.
You are covered in fur. (AC +1)
You have tough skin. (AC +1)


Message History

The acid dragon roars!
Aiming: Throw Flame
Press: ? - help, Shift-Dir - straight line, f - howler monkey zombie, p - acid dragon
Aim: a howler monkey zombie (moderately damaged, 15% to evade)
The puff of flame hits the howler monkey zombie.
The howler monkey zombie is moderately damaged.
The acid dragon spits acid at you. The splash of acid hits you.
The acid corrodes you!
You are splashed with acid!
You hear two shouts!
The howler monkey zombie hits you. The howler monkey zombie hits you.
The howler monkey zombie closely misses you.
The howler monkey zombie hits you.
You barely miss the howler monkey zombie.
The howler monkey zombie is moderately damaged.
The howler monkey zombie hits you.
You barely miss the acid dragon.
The acid dragon is lightly wounded.
The howler monkey zombie hits you. The acid dragon spits acid at you.
The splash of acid hits you!
You are splashed with acid!
You closely miss the acid dragon. You claw the acid dragon!
The acid dragon is heavily wounded.
The howler monkey zombie hits you. The acid dragon bites you.
The acid dragon barely misses you.
You closely miss the acid dragon. Your claw misses the acid dragon.
The acid dragon is heavily wounded.
The howler monkey zombie barely misses you.
You barely miss the acid dragon.
The acid dragon is heavily wounded.
The acid dragon closely misses you. The acid dragon claws you.
You closely miss the acid dragon.
The acid dragon is heavily wounded.
The howler monkey zombie hits you. The acid dragon closely misses you.
The acid dragon claws you.
You claw the acid dragon!
The acid dragon is almost dead.
The howler monkey zombie barely misses you.
The acid dragon spits acid at you. The splash of acid hits you!
You are splashed with acid!
* * * LOW HITPOINT WARNING * * *
Okay, then.
Okay, then.
Unknown command.
Unknown command.
You scratch the acid dragon but do no damage.
The acid dragon is almost dead.
The howler monkey zombie barely misses you.
The acid dragon bites you!
* * * LOW HITPOINT WARNING * * *
The acid dragon claws you.
* * * LOW HITPOINT WARNING * * *
Okay, then.
Unknown command.
You scratch the acid dragon.
You kill the acid dragon!
Cheibriados appreciates the change of pace.
The acid dragon scales are intact enough to wear.
The howler monkey zombie hits you.
* * * LOW HITPOINT WARNING * * *
You mangle the howler monkey zombie!!
You destroy the howler monkey zombie!
Cheibriados appreciates the change of pace.
A two-headed ogre comes into view.
It is wielding a +0 giant club and a +0 dire flail.
The two-headed ogre shouts in stereo!
Things that are here:
+0 acid dragon scales; an acid dragon corpse
Okay, then.
F - +0 acid dragon scales
Okay, then.
Aiming: Corrosive Bolt
Press: ? - help, Shift-Dir - straight line, f - two-headed ogre
Aim: a two-headed ogre, wielding a +0 giant club and a +0 dire flail (14% to evade)
The bolt of acid hits the two-headed ogre!
The two-headed ogre is splashed with acid.
The two-headed ogre is moderately wounded.
Aiming: Corrosive Bolt
Press: ? - help, Shift-Dir - straight line, f/p - two-headed ogre
Aim: a two-headed ogre, wielding a +0 giant club and a +0 dire flail (moderately wounded, 14% to evade)
The bolt of acid hits the two-headed ogre!
The two-headed ogre is splashed with acid.
The acid corrodes the two-headed ogre!
The two-headed ogre is heavily wounded.
You are no longer corroded.
Aiming: Corrosive Bolt
Press: ? - help, Shift-Dir - straight line, f/p - two-headed ogre
Aim: a two-headed ogre, wielding a +0 giant club and a +0 dire flail (heavily wounded, covered in acid, 14% to evade)
The bolt of acid hits the two-headed ogre!
The two-headed ogre is splashed with acid.
The two-headed ogre seems to be corroded for longer.
The two-headed ogre is severely wounded.
Casting: Apportation (safe; 10% risk of failure)
Confirm with . or Enter, or press ? or * to list all spells.
You miscast Blink.
You are very lightly contaminated with residual magic.
Nothing appears to happen.
The two-headed ogre hits you with a +0 giant club!
* * * LOW HITPOINT WARNING * * *
The two-headed ogre hits you with a +0 dire flail!
You die...

#........>.........
#.................
#.............. .
#...........# ..
#......##..##.#
...####.............#
#.............<....#.
.#...................
.#...O@............##
............##.....##
....#........##..###
... ##........#... ..
#.....##....... #
........ ###...##
#.?.......
#.......#..
#...##.###.


You could see a two-headed ogre (corroded).

Vanquished Creatures
  A hydra (D:8)
  Erica (D:8)
  A two-headed ogre (D:8)
  Psyche (D:8)
  A steam dragon (D:8)
  An acid dragon (D:9)
  A black bear (D:3)
  An orc warrior (D:6)
  An ice beast (D:8)
  An ogre (D:6)
  A necrophage (D:5)
  3 centaurs
  A bullfrog (D:5)
  A water moccasin skeleton (D:5)
  A scorpion (D:5)
  A hound (D:5)
  A bullfrog skeleton (D:5)
  2 iguanas
  An orc priest (D:5)
  Jessica (D:2)
  Natasha (D:2)
  2 hound zombies (D:5)
  2 hound skeletons (D:5)
  A howler monkey zombie (D:9)
  2 adders (D:3)
  5 gnolls
  A worm (D:2)
  A dart slug (D:3)
  11 orcs
  5 ball pythons
  2 endoplasms (D:3)
  3 giant cockroaches
  3 goblins
  5 hobgoblins
  7 jackals
  2 kobolds
  3 bats
  A frilled lizard (D:2)
  2 rats
82 creatures vanquished.

Vanquished Creatures (others)
  4 toadstools (D:4)
4 creatures vanquished.

Grand Total: 86 creatures vanquished

Notes
Turn   | Place    | Note
-------+----------+-------------------------------------------
     0 | D:1      | EnegeticOcto the Troll Warper began the quest for the Orb.
     0 | D:1      | Reached XP level 1. HP: 19/19 MP: 1/1
    99 | D:2      | Noticed Natasha
   101 | D:2      | Killed Natasha
   102 | D:2      | Reached skill level 2 in Fighting
   102 | D:2      | Reached skill level 3 in Unarmed Combat
   102 | D:2      | Reached XP level 2. HP: 28/28 MP: 2/2
   102 | D:2      | Reached XP level 3. HP: 35/35 MP: 3/3
   180 | D:2      | Noticed Jessica
   192 | D:2      | Killed Jessica
   256 | D:3      | Reached XP level 4. HP: 44/44 MP: 4/4
   276 | D:3      | Noticed a black bear
   302 | D:3      | Killed a black bear
   303 | D:3      | Reached skill level 4 in Unarmed Combat
   303 | D:3      | Reached XP level 5. HP: 37/52 MP: 5/5
   304 | D:3      | Found a bloodstained altar of Trog.
   382 | D:3      | Reached skill level 3 in Fighting
   449 | D:3      | Reached skill level 5 in Unarmed Combat
   497 | D:4      | Identified a scroll of acquirement
   498 | D:4      | Acquired 778 gold pieces
   541 | D:3      | Learned a level 2 spell: Blink
   667 | D:5      | Entered Level 5 of the Dungeon
   667 | D:5      | Noticed a centaur
   674 | D:5      | Killed a centaur
   675 | D:5      | Reached XP level 6. HP: 26/61 MP: 6/6
   676 | D:5      | Found a staircase to the Ecumenical Temple.
   704 | D:5      | Reached skill level 6 in Unarmed Combat
   714 | Temple   | Entered the Ecumenical Temple
   733 | Temple   | Became a worshipper of Cheibriados the Contemplative
   784 | D:5      | Found Bixzyojaa's Book Shop.
   787 | D:5      | Found Fuckousch's Magic Scroll Shop.
   791 | D:5      | Bought a book of Cantrips for 240 gold pieces
   795 | D:5      | Reached XP level 7. HP: 67/68 MP: 7/7
   797 | D:5      | Learned a level 1 spell: Apportation
   801 | D:5      | Learned a level 3 spell: Lesser Beckoning
   806 | D:5      | Bought a scroll of acquirement for 572 gold pieces
   806 | D:5      | Acquired 712 gold pieces
   808 | D:5      | Bought a scroll of silence for 82 gold pieces
   808 | D:5      | Bought a scroll of immolation for 38 gold pieces
   808 | D:5      | Bought a scroll of immolation for 38 gold pieces
   808 | D:5      | Bought a scroll of identify for 22 gold pieces
   808 | D:5      | Bought a scroll of amnesia for 38 gold pieces
   808 | D:5      | Bought a scroll of teleportation for 33 gold pieces
   890 | D:5      | Found Kiosk's Antique Weapon Boutique.
   953 | D:5      | Reached skill level 4 in Fighting
   971 | D:5      | Reached skill level 7 in Unarmed Combat
  1032 | D:5      | Found Ibale Cicol's Weapon Shop.
  1095 | D:6      | Reached * piety under Cheibriados
  1167 | D:6      | Reached XP level 8. HP: 72/79 MP: 6/8
  1508 | D:8      | Noticed Erica
  1518 | D:8      | Acquired the ring of Sloth {rF+ rC+ Dex+6 Slay+2}
  1522 | D:8      | Reached skill level 8 in Unarmed Combat
  1527 | D:8      | Killed Erica
  1528 | D:8      | Reached skill level 5 in Fighting
  1528 | D:8      | Reached skill level 9 in Unarmed Combat
  1532 | D:8      | Noticed a two-headed ogre
  1536 | D:8      | Killed a two-headed ogre
  1537 | D:8      | Reached skill level 6 in Fighting
  1537 | D:8      | Reached skill level 10 in Unarmed Combat
  1537 | D:8      | Reached XP level 9. HP: 46/89 MP: 9/9
  1557 | D:8      | Noticed a seven-headed hydra
  1562 | D:8      | Killed a seven-headed hydra
  1563 | D:8      | Reached skill level 11 in Unarmed Combat
  1601 | D:8      | Found a hide-covered altar of Uskayaw.
  1630 | D:8      | Noticed Psyche
  1633 | D:8      | Killed Psyche
  1634 | D:8      | Reached skill level 2 in Dodging
  1634 | D:8      | Reached skill level 1 in Evocations
  1690 | D:9      | Noticed a two-headed ogre
  1695 | D:9      | HP: 4/92 [two-headed ogre/+0 giant club (10)]
  1695 | D:9      | Mangled by a two-headed ogre

Illustrated notes

Levels and vault maps discovered:
D:1:      dpeg_arrival_rooms_a, layout_rooms, st_stairs_7
D:2:      layout_basic, uniq_natasha, uniq_jessica, uniq_terence
D:3:      minmay_skewed_foursquare, layout_loops_ring,
          nicolae_overflow_crystal_walls, serial_forest,
          infiniplex_forest_clump_diagonal, infiniplex_forest_straight_2,
          infiniplex_forest_clump_long, infiniplex_forest_straight_2,
          infiniplex_forest_lined_1, infiniplex_forest_clump_large,
          infiniplex_forest_clump_diagonal, trog_wizard
D:4:      layout_cave_pools, minmay_misc_feat_enclosed, small_statue_alley_b,
          minmay_gold_behind_fungi, elyvilon_altar_3, uniq_eustachio
D:5:      layout_basic, tso_altar, minmay_temple_entry_large_hall, serial_shops,
          shop_statue, nicolae_shop_waterfront, nicolae_shop_behind_doors, shop
D:6:      layout_loops_cross, lemuel_coloured_pillars_altar
D:7:      layout_loops_corners
D:8:      layout_cave_pools, general_overflow_altar, special_room
          [special_room_orc], uniq_erica, uniq_psyche
D:9:      layout_cave_pools, lemuel_mausoleum_altar_kikubaaqudgha
Temple:   eino_temple_rhombus

Skill      XL: |  1  2  3  4  5  6  7  8  9 |
---------------+----------------------------+-----
Fighting       | 2 3 4 6 |  6.9
Unarmed Combat | 3 4 5 6 7 10 11 | 11.2
Dodging        | 2 |  2.2
Evocations     | 1 |  1.2
Throwing       | |  0.8
Spellcasting   | |  1.5
Translocations | |  2.4

Action                   |  1- 3 |  4- 6 |  7- 9 || total
-------------------------+-------+-------+-------++-------
Melee: Unarmed           |    41 |   124 |    88 ||   253
       Punch             |       |     2 |     4 ||     6
Throw: Boomerang         |       |       |    18 ||    18
 Cast: Apportation       |       |       |    26 ||    26
       Blink             |       |       |    10 ||    10
Evoke: Wand              |       |       |    12 ||    12
  Use: Scroll            |       |     4 |    12 ||    16
 Stab: Sleeping          |       |     1 |       ||     1
Armor: Robe              |    16 |    57 |    21 ||    94
Dodge: Dodged            |    15 |    60 |    32 ||   107

Table legend: (Time is in decaauts)
 A = Elapsed time spent in this place.
 B = Non-inter-level travel time spent in this place.
 C = Inter-level travel time spent in this place.
 D = Time resting spent in this place.
 E = Time spent auto-exploring this place.
 F = Levels seen in this place.
 G = Mean time per level.
                   A        B        C        D        E       F      G
               +--------+--------+--------+--------+--------+-----+--------+
         Total |   1913 |   1868 |     45 |      0 |      0 |  10 |  191.3 |
       Dungeon |   1881 |   1848 |     33 |      0 |      0 |   9 |  209.0 |
        Temple |     32 |     21 |     11 |      0 |      0 |   1 |   32.0 |
               +--------+--------+--------+--------+--------+-----+--------+

Top non-repeatable levels by time:
     D:5: 422 daAuts
     D:7: 357 daAuts
     D:3: 275 daAuts
     D:6: 230 daAuts
     D:2: 213 daAuts
     D:8: 173 daAuts
     D:4: 99 daAuts
     D:1: 73 daAuts
     D:9: 35 daAuts
  Temple: 32 daAuts
